 Dungeon Crawl Stone Soup version 0.29-a0-819-g94b489e0ae (webtiles) character file.

Game seed: 17710840249085758841

156 Zonian the Chiller (level 5, -1/35 HPs)
             Began as a Demonspawn Ice Elementalist on July 6, 2022.
             Was a Plaything of Xom.
             Slain by an orc wizard
             ... wielding a +1 vampiric dagger
              (5 damage)
             ... on level 3 of the Dungeon.
             The game lasted 00:04:45 (3813 turns).

Zonian the Chiller (Demonspawn Ice Elementalist)    Turns: 3813, Time: 00:04:46

Health: -1/35      AC:  2    Str:  9    XL:     5   Next: 14%
Magic:  7/8        EV: 12    Int: 16    God:    Xom [....*.]
Gold:   209        SH:  0    Dex: 15    Spells: 7/8 levels left

rFire   . . .      SeeInvis .   j - +2 dagger (drain)
rCold   . . .      Faith    .   (no shield)
rNeg    . . .      Spirit   .   a - +0 robe
rPois   .          Reflect  .   (no helmet)
rElec   .          Harm     .   (no cloak)
rCorr   .          Rampage  .   (no gloves)
Will    .....                   (no boots)
Stlth   ++........              (no amulet)
HPRegen 0.11/turn               (no ring)
MPRegen 0.11/turn               (no ring)

@: no status effects
A: hooves 1, ignite blood 2
a: Renounce Religion


You were on level 3 of the Dungeon.
You worshipped Xom.
You were a beloved toy of Xom.
You visited 1 branch of the dungeon, and saw 3 of its levels.

You collected 209 gold pieces.

Inventory:

Hand Weapons
 c - a +0 sling
 h - a +0 short sword
 j - a +2 dagger of draining (weapon)
 l - a +3 dagger
Missiles
 g - 3 poisoned darts
Armour
 a - a +0 robe (worn)
Scrolls
 n - a scroll of teleportation {unknown}
 o - a scroll of enchant weapon {unknown}
 p - a scroll of poison {unknown}
 s - a scroll of torment {unknown}
 t - a scroll of blinking {unknown}
 u - a scroll of silence {unknown}
 v - a scroll of fear {unknown}
 x - a scroll of enchant armour {unknown}
Potions
 b - 2 potions of magic
 f - 3 potions of mutation
 k - 2 potions of brilliance
 r - a potion of haste
 w - a potion of curing
 z - a potion of might {unknown}


   Skills:
 - Level 1.8 Dodging
 - Level 1.8 Stealth
 - Level 2.0 Spellcasting
 + Level 5.8 Ice Magic


You had 7 spell levels left.
You knew the following spells:

 Your Spells              Type           Power      Damage    Failure   Level
a - Freeze                Ice            80%        1d9       1%          1

Your spell library contained the following spells:

 Spells                   Type           Power      Damage    Failure   Level
 Frozen Ramparts          Ice            40%        1d6       5%          3
 Ozocubu's Armour         Ice            20%        N/A       5%          3
 Gell's Gravitas          Tloc           1%         N/A       52%         3
 Lesser Beckoning         Tloc           1%         N/A       52%         3
 Teleport Other           Tloc           1%         N/A       52%         3
 Hailstorm                Conj/Ice       11%        3d5       52%         4


Dungeon Overview and Level Annotations

Branches:
Dungeon (3/15)

Altars:
Xom


Innate Abilities, Weirdness & Mutations

You have large cloven feet.
Your demonic aura often causes spilled blood to erupt in flames.


Message History

You kill the jackal!
The jackal bites you.
The jackal bites you but does no damage.
An orc priest comes into view. It is wielding a +0 dagger.
Your white imp hits the jackal but does no damage.
Unknown command.
You miss the jackal. You kick the jackal.
The jackal is severely wounded.
The jackal bites you. Something hits you.
Your white imp completely misses the jackal.
You barely miss the jackal. You kick the jackal, but do no damage.
The jackal is severely wounded.
The jackal misses you.
You hear some strange, mumbled words.
A magic dart appears from out of thin air!
The magic dart hits you. The jackal bites you.
The orc priest begins to cast a cantrip, but forgets the words!
Your white imp gestures at the jackal.
The puff of frost hits the jackal!
The jackal dies!
You barely miss something. You kick something. Something hits you.
Your white imp barely misses the orc.
The orc hits you with a +0 club.
The orc priest begins to cast a cantrip, but forgets the words!
Unknown command.
You hit something but do no damage. The orc hits you with a +0 club.
Something hits you.
* * * LOW HITPOINT WARNING * * *
Your white imp closely misses the orc.
Unknown command.
Casting: Freeze (safe; 1% risk of failure)
Confirm with . or Enter, or press ? or * to list all spells.
Aiming: Freeze (safe; 1% risk of failure)
Press: ? - help, Shift-Dir - straight line, f - orc
Aim: an orc, wielding a +0 club (ally target)
You freeze the orc.
The orc is heavily wounded.
The orc hits you with a +0 club.
* * * LOW HITPOINT WARNING * * *
Something hits you.
You die...

## #.##...####### #
#.#..### #.#.##
####### #####...#
....... #......##
....... ..##..##
......
####.############o...
.......[.......#o{#
##..##########.5@#
...## ###.# .### ..#
.## #..# ..### ...#
....#### ###.#
.#...... ..# ........
.## .###(...


You could see an orc priest, an orc (ally target) and a friendly white imp
(summoned).

Vanquished Creatures
  2 gnolls
  5 adders
  A worm (D:2)
  A dart slug (D:2)
  6 ball pythons
  3 bats
  4 endoplasms (D:2)
  A giant cockroach (D:2)
  9 goblins
  2 hobgoblins (D:2)
  3 jackals (D:3)
  4 quokkas
  2 frilled lizards (D:1)
  4 kobolds
  5 rats
52 creatures vanquished.

Vanquished Creatures (collateral kills)
  2 gnolls (D:3)
  An adder (D:3)
  A jackal (D:3)
  A quokka (D:3)
5 creatures vanquished.

Grand Total: 57 creatures vanquished

Notes
Turn   | Place    | Note
-------+----------+-------------------------------------------
     0 | D:1      | Zonian the Demonspawn Ice Elementalist began the quest for
                  | the Orb.
     0 | D:1      | Reached XP level 1. HP: 13/13 MP: 3/3
   924 | D:1      | Gained mutation: You have large cloven feet. [demonic
                  | ancestry]
   924 | D:1      | Reached XP level 2. HP: 19/19 MP: 5/5
   941 | D:1      | Reached skill level 4 in Ice Magic
  1449 | D:2      | Found a faded altar of an unknown god.
  1619 | D:2      | Prayed at the altar of an unknown god.
  1619 | D:2      | Became a worshipper of Xom the Random
  1742 | D:2      | Reached XP level 3. HP: 15/24 MP: 6/6
  2435 | D:2      | Reached skill level 5 in Ice Magic
  2559 | D:2      | Gained mutation: Your demonic aura sometimes causes spilled
                  | blood to erupt in flames. [demonic ancestry]
  2559 | D:2      | Reached XP level 4. HP: 30/30 MP: 7/7
  2650 | D:2      | XOM: silly message
  3038 | D:3      | XOM: summons 3 friendly demons
  3083 | D:2      | XOM: silly message
  3440 | D:2      | Gained mutation: Your demonic aura often causes spilled
                  | blood to erupt in flames. [demonic ancestry]
  3440 | D:2      | Reached XP level 5. HP: 23/35 MP: 6/8
  3577 | D:2      | XOM: cloud trail
  3620 | D:3      | XOM: 1-stop teleportation journey
  3676 | D:3      | XOM: summons friendly white imp
  3813 | D:3      | Slain by an orc wizard

Illustrated notes

Levels and vault maps discovered:
D:1:      psy_arrival_basics, layout_loops_corners
D:2:      minmay_general_purpose_star, layout_basic, basic_ecumenical_altar
D:3:      layout_rooms

Skill      XL: |  1  2  3 |
---------------+----------+-----
Ice Magic      | 4 5 |  5.8
Dodging        | |  1.8
Stealth        | |  1.8
Spellcasting   | |  2.0

Action                   |  1- 3 |  4- 6 || total
-------------------------+-------+-------++-------
Melee: Dagger            |    70 |    34 ||   104
       Short sword       |     6 |       ||     6
       Unarmed           |     1 |       ||     1
       Kick              |    13 |    13 ||    26
 Cast: Freeze            |    10 |     4 ||    14
  Use: Scroll            |       |     8 ||     8
 Stab: Sleeping          |     7 |     3 ||    10
Armor: Robe              |    15 |     5 ||    20
Dodge: Dodged            |    52 |    23 ||    75

Table legend: (Time is in decaauts)
 A = Elapsed time spent in this place.
 B = Non-inter-level travel time spent in this place.
 C = Inter-level travel time spent in this place.
 D = Time resting spent in this place.
 E = Time spent auto-exploring this place.
 F = Levels seen in this place.
 G = Mean time per level.
                   A        B        C        D        E       F      G
               +--------+--------+--------+--------+--------+-----+--------+
         Total |   3814 |   3726 |     88 |   1147 |   2090 |   3 | 1271.3 |
       Dungeon |   3814 |   3726 |     88 |   1147 |   2090 |   3 | 1271.3 |
               +--------+--------+--------+--------+--------+-----+--------+

Top non-repeatable levels by time:
     D:2: 2092 daAuts
     D:1: 1448 daAuts
     D:3: 272 daAuts
